Map: 블랙핑크 - 래더

Players

Billowy

  • Race: Protoss Protoss
  • League: Grandmaster
  • Spawn Location: 7:00

Classic - Winner!

  • Race: Protoss Protoss
  • League: Master
  • Spawn Location: 1:00

VOD

Have the link to the VOD?

Description

Time

  • Played on: Dec. 22, 2017, 4:20 a.m.
  • Length: 14:36
Show
View Real Time Build Order
Export as new Build Order

Billowy Protoss 

Build Orders: Oracle Opening, Phoenix Opening 

Get SALT Encoding   

  12  0:00  Probe  
  13  0:12  Probe  
  14  0:17  Pylon  
  14  0:25  Probe (Chrono Boost)  
  15  0:37  Probe (Chrono Boost)  
  15  0:40  Gateway  
  16  0:45  Probe (Chrono Boost)  
  16  0:46  Assimilator  
  17  0:51  Probe (Chrono Boost)  
  17  0:54  Assimilator  
  18  1:03  Probe (Chrono Boost)  
  19  1:11  Probe (Chrono Boost)  
  20  1:14  Gateway  
  20  1:17  Probe  
  21  1:29  Probe, Cybernetics Core  
  22  1:34  Pylon  
  22  1:41  Probe  
  23  1:53  Probe  
  24  2:04  Adept  
  24  2:05  Adept  
  24  2:06  Probe, Warp Gate  
  29  2:12  Pylon  
  29  2:24  Stargate  
  29  2:32  Stalker x2  
  33  2:57  Nexus  
  33  3:05  Shield Battery  
  33  3:10  Oracle (Chrono Boost)  
  33  3:16  Probe  
  37  3:24  Pylon  
  37  3:31  Probe  
  41  3:49  Probe, Robotics Facility  
  41  3:55  Phoenix (Chrono Boost)  
  38  4:04  Shield Battery  
  36  4:10  Stalker  
  36  4:12  Phoenix (Chrono Boost)  
  36  4:15  Probe  
  38  4:24  Probe  
  38  4:27  Probe  
  36  4:33  Phoenix  
  36  4:38  Probe (Chrono Boost)  
  39  4:39  Probe (Chrono Boost)  
  40  4:46  Assimilator  
  40  4:48  Assimilator  
  40  4:52  Probe (Chrono Boost)  
  42  4:54  Probe (Chrono Boost)  
  42  4:57  Probe (Chrono Boost)  
  43  5:00  Phoenix  
  43  5:01  Probe (Chrono Boost), Observer  
  43  5:06  Probe (Chrono Boost)  
  48  5:13  Probe (Chrono Boost)  
  49  5:18  Probe (Chrono Boost)  
  51  5:21  Probe (Chrono Boost)  
  51  5:23  Probe (Chrono Boost)  
  51  5:25  Phoenix  
  51  5:27  Probe  
  54  5:33  Probe, Stargate  
  56  5:40  Probe  
  56  5:41  Pylon  
  57  5:45  Probe  
  58  5:50  Phoenix  
  58  5:52  Probe  
  58  5:54  Pylon  
  61  5:59  Probe  
  62  6:09  Probe  
  63  6:11  Probe  
  63  6:12  Pylon  
  63  6:15  Phoenix  
  63  6:17  Phoenix  
  68  6:24  Fleet Beacon  
  68  6:27  Pylon  
  68  6:40  Phoenix  
  68  6:42  Phoenix  
  72  7:02  Zealot x2  
  72  7:03  Anion Pulse-Crystals (Chrono Boost)  
  72  7:05  Phoenix  
  72  7:07  Phoenix, Pylon  
  80  7:16  Pylon  
  80  7:20  Nexus  
  80  7:30  Phoenix (Chrono Boost)  
  80  7:32  Phoenix (Chrono Boost)  
  84  7:48  Phoenix (Chrono Boost)  
  84  7:49  Phoenix (Chrono Boost)  
  88  7:57  Probe x2  
  90  7:59  Zealot x2  
  94  8:09  Stargate  
  94  8:13  Phoenix  
  94  8:18  Probe x2  
  98  8:20  Phoenix  
  98  8:21  Assimilator  
  98  8:23  Assimilator  
  98  8:26  Pylon  
  100  8:30  Probe x2  
  102  8:38  Stargate  
  102  8:43  Probe  
  102  8:44  Probe x2  
  105  8:50  Phoenix x2 (Chrono Boost)  
  109  8:55  Probe  
  109  8:56  Phoenix (Chrono Boost)  
  112  9:04  Pylon  
  112  9:07  Pylon  
  112  9:08  Phoenix (Chrono Boost)  
  114  9:11  Phoenix (Chrono Boost)  
  116  9:22  Phoenix (Chrono Boost)  
  116  9:27  Phoenix (Chrono Boost)  
  116  9:29  Phoenix (Chrono Boost)  
  120  9:40  Phoenix (Chrono Boost)  
  120  9:41  Nexus  
  120  9:45  Phoenix (Chrono Boost)  
  122  9:46  Phoenix, Pylon  
  124  9:55  Phoenix (Chrono Boost)  
  128  10:04  Phoenix (Chrono Boost)  
  132  10:15  Phoenix (Chrono Boost)  
  132  10:19  Phoenix (Chrono Boost)  
  122  10:24  Phoenix (Chrono Boost)  
  122  10:26  Phoenix (Chrono Boost)  
  118  10:41  Phoenix x2  
  112  10:47  Phoenix  
  113  10:50  Observer (Chrono Boost)  
  113  10:56  Phoenix  
  114  11:06  Phoenix  
  110  11:18  Phoenix (Chrono Boost)  
  110  11:19  Phoenix (Chrono Boost)  
  110  11:21  Phoenix (Chrono Boost)  
  98  11:31  Phoenix (Chrono Boost)  
  81  11:41  Phoenix (Chrono Boost)  
  81  11:42  Phoenix (Chrono Boost)  
  81  11:43  Phoenix (Chrono Boost)  
  81  11:46  Probe x4  
  91  11:51  Phoenix (Chrono Boost)  
  93  11:58  Probe x3, Phoenix (Chrono Boost)  
  93  11:59  Phoenix (Chrono Boost)  
  100  12:01  Assimilator  
  100  12:03  Assimilator  
  100  12:12  Phoenix (Chrono Boost)  
  104  12:16  Probe x2, Phoenix (Chrono Boost)  
  104  12:18  Pylon  
  104  12:20  Phoenix (Chrono Boost)  
  108  12:29  Phoenix x2  
  106  12:36  Phoenix  
  112  12:40  Phoenix  
  103  12:54  Phoenix x2 (Chrono Boost)  
  97  13:00  Observer (Chrono Boost)  
  97  13:01  Probe x2  
  97  13:02  Probe  
  97  13:04  Gateway x2  
  97  13:05  Phoenix (Chrono Boost)  
  103  13:07  Gateway  
  103  13:08  Phoenix (Chrono Boost)  
  103  13:12  Gateway, Twilight Council  
  105  13:15  Phoenix x2 (Chrono Boost)  
  109  13:21  Phoenix  
  111  13:28  Phoenix  
  111  13:34  Phoenix  
  113  13:35  Phoenix  
  113  13:36  Zealot x2  
  121  13:46  Phoenix  
  121  13:53  Phoenix  
  113  13:59  Phoenix  
  113  14:00  Phoenix  
  113  14:10  Zealot x2  
  113  14:11  Phoenix  
Show
View Real Time Build Order
Export as new Build Order

Classic Protoss - Winner!

Build Orders: Oracle Opening, Phoenix Opening 

Get SALT Encoding   

  12  0:00  Probe  
  13  0:12  Probe  
  14  0:17  Pylon  
  14  0:24  Probe (Chrono Boost)  
  15  0:37  Probe (Chrono Boost), Gateway  
  16  0:44  Probe (Chrono Boost)  
  16  0:47  Assimilator  
  17  0:51  Probe (Chrono Boost)  
  17  0:54  Assimilator  
  18  1:03  Probe (Chrono Boost)  
  19  1:11  Probe (Chrono Boost)  
  20  1:14  Gateway  
  20  1:17  Probe  
  20  1:24  Cybernetics Core  
  21  1:29  Probe  
  22  1:34  Pylon  
  22  1:41  Probe  
  23  1:53  Probe  
  24  2:00  Stalker x2  
  28  2:01  Warp Gate  
  28  2:12  Pylon  
  28  2:20  Stargate  
  28  2:33  Stalker  
  28  2:36  Stalker  
  32  3:00  Nexus  
  32  3:12  Shield Battery  
  32  3:13  Oracle (Chrono Boost)  
  36  3:29  Shield Battery  
  36  3:32  Pylon  
  35  3:41  Phoenix (Chrono Boost)  
  35  3:46  Probe  
  37  3:59  Probe  
  37  4:02  Phoenix  
  40  4:06  Robotics Facility  
  40  4:11  Probe  
  40  4:12  Probe  
  42  4:27  Phoenix  
  42  4:29  Probe (Chrono Boost)  
  42  4:31  Probe (Chrono Boost)  
  44  4:40  Probe x2 (Chrono Boost)  
  44  4:44  Probe (Chrono Boost)  
  45  4:45  Probe (Chrono Boost)  
  45  4:48  Assimilator  
  45  4:52  Phoenix  
  49  4:56  Probe, Observer  
  49  4:58  Probe  
  52  5:02  Assimilator  
  52  5:08  Probe (Chrono Boost)  
  52  5:10  Probe (Chrono Boost)  
  52  5:11  Pylon  
  54  5:20  Probe (Chrono Boost)  
  54  5:21  Probe (Chrono Boost), Phoenix  
  56  5:25  Probe (Chrono Boost)  
  56  5:26  Probe (Chrono Boost)  
  60  5:30  Stargate  
  60  5:35  Probe  
  61  5:36  Probe  
  61  5:38  Observer  
  61  5:40  Pylon  
  63  5:47  Probe  
  63  5:48  Probe  
  63  5:49  Phoenix  
  67  6:00  Pylon  
  67  6:13  Phoenix x2 (Chrono Boost)  
  67  6:17  Nexus  
  70  6:29  Phoenix x2 (Chrono Boost)  
  74  6:32  Pylon  
  74  6:34  Probe  
  76  6:43  Fleet Beacon  
  75  6:47  Probe x2  
  77  6:58  Phoenix  
  77  6:59  Assimilator  
  77  7:00  Phoenix  
  81  7:02  Assimilator  
  81  7:05  Observer  
  81  7:07  Probe x2  
  83  7:09  Pylon  
  83  7:23  Probe, Anion Pulse-Crystals (Chrono Boost)  
  83  7:24  Probe  
  83  7:29  Phoenix  
  87  7:32  Phoenix (Chrono Boost)  
  87  7:33  Probe  
  87  7:35  Probe  
  87  7:36  Probe  
  92  7:43  Forge  
  92  7:45  Probe  
  92  7:48  Probe x2  
  95  7:51  Pylon  
  95  7:56  Phoenix (Chrono Boost)  
  99  8:01  Protoss Air Weapons Level 1, Phoenix (Chrono Boost)  
  99  8:02  Probe  
  99  8:03  Probe x2  
  102  8:07  Pylon  
  102  8:12  Phoenix  
  102  8:19  Phoenix  
  106  8:22  Stargate  
  106  8:23  Photon Cannon  
  106  8:26  Probe x3  
  109  8:37  Mothership (Chrono Boost)  
  109  8:39  Phoenix  
  119  8:54  Nexus  
  119  8:56  Pylon  
  119  8:57  Phoenix  
  121  9:04  Phoenix  
  121  9:06  Phoenix  
  125  9:14  Assimilator  
  125  9:15  Assimilator  
  125  9:17  Probe x2 (Chrono Boost)  
  127  9:19  Pylon  
  127  9:24  Phoenix  
  129  9:29  Phoenix  
  131  9:31  Photon Cannon  
  131  9:32  Phoenix  
  131  9:37  Observer  
  135  9:40  Pylon  
  135  9:41  Probe x2 (Chrono Boost)  
  135  9:42  Sentry  
  135  9:43  Zealot  
  139  9:48  Phoenix  
  139  9:49  Probe (Chrono Boost)  
  142  9:54  Phoenix  
  142  9:57  Observer, Phoenix  
  145  10:04  Gateway x2  
  145  10:05  Pylon  
  145  10:13  Phoenix  
  147  10:16  Pylon  
  147  10:19  Phoenix  
  147  10:23  Phoenix  
  147  10:25  Observer  
  146  10:39  Phoenix (Chrono Boost)  
  132  10:44  Phoenix (Chrono Boost)  
  132  10:48  Phoenix (Chrono Boost)  
  136  10:52  Stargate  
  136  11:00  Protoss Air Weapons Level 2  
  136  11:01  Phoenix (Chrono Boost)  
  138  11:05  Phoenix (Chrono Boost)  
  138  11:07  Phoenix (Chrono Boost)  
  126  11:18  Phoenix  
  126  11:24  Phoenix (Chrono Boost)  
  114  11:28  Phoenix (Chrono Boost)  
  98  11:43  Stargate, Phoenix (Chrono Boost)  
  100  11:47  Phoenix (Chrono Boost)  
  100  11:50  Phoenix x2 (Chrono Boost)  
  104  11:55  Zealot x4, Gateway  
  104  11:56  Gateway  
  104  11:58  Probe  
  104  11:59  Probe x3  
  116  12:04  Photon Cannon, Observer  
  116  12:05  Phoenix x2 (Chrono Boost)  
  120  12:10  Probe  
  120  12:11  Probe x3  
  120  12:13  Phoenix (Chrono Boost)  
  128  12:15  Phoenix (Chrono Boost)  
  128  12:23  Probe  
  128  12:24  Phoenix x2 (Chrono Boost)  
  133  12:30  Phoenix  
  133  12:40  Phoenix  
  133  12:49  Phoenix x2 (Chrono Boost)  
  127  12:52  Phoenix (Chrono Boost)  
  117  13:00  Probe x3  
  117  13:04  Phoenix (Chrono Boost)  
  122  13:12  Probe  
  127  13:13  Phoenix x2 (Chrono Boost)  
  127  13:14  Phoenix (Chrono Boost)  
  129  13:22  Phoenix (Chrono Boost)  
  129  13:24  Pylon  
  131  13:27  Phoenix (Chrono Boost)  
  131  13:28  Phoenix (Chrono Boost)  
  131  13:29  Phoenix (Chrono Boost)  
  131  13:42  Phoenix (Chrono Boost)  
  131  13:47  Phoenix (Chrono Boost)  
  134  13:50  Phoenix (Chrono Boost)  
  130  13:58  Phoenix (Chrono Boost)  
  130  14:03  Probe x2  
  130  14:04  Probe x2, Phoenix (Chrono Boost)  
  130  14:06  Phoenix (Chrono Boost)  
  138  14:15  Phoenix (Chrono Boost)  
  140  14:17  Phoenix (Chrono Boost)  
  140  14:18  Phoenix (Chrono Boost)  
Tags
 
Add a new tag
Caveats
  • Supply blocks, unpowered buildings, or Contaminate may cause inaccurate times.
  • Supply counts are checked every 10 seconds.